 Dungeon Crawl Stone Soup version 0.21-a0-507-ga8f6b7a (webtiles) character file.

447 theanonym the Chopper (level 6, 0/48 HPs)
             Began as a Demigod Skald on Nov 27, 2017.
             Killed by divine providence
             ... invoked by an orc priest
              (13 damage)
             ... on level 4 of the Dungeon.
             The game lasted 00:07:09 (3356 turns).

theanonym the Chopper (Demigod Skald)               Turns: 3356, Time: 00:07:09

Health: 0/48       AC:  8    Str: 18    XL:     6   Next: 44%
Magic:  11/11      EV:  7    Int: 17    God:
Gold:   67         SH:  0    Dex: 15    Spells: 3/8 levels left

rFire    . . .     SeeInvis .   a - +0 war axe
rCold    . . .     Gourm    .   (no shield)
rNeg     . . .     Faith    .   e - +0 chain mail
rPois    .         Spirit   .   (no helmet)
rElec    .         Reflect  .   (no cloak)
rCorr    .         Harm     .   (no gloves)
MR       .....                  (no boots)
Stlth    ..........             (no amulet)
HPRegen  0.16/turn              (no ring)
MPRegen  0.12/turn              (no ring)

@: no status effects
A: high mp 1
a: no special abilities


Innate Abilities, Weirdness & Mutations

You have an increased reservoir of magic. (+10% MP)


   Skills:
 - Level 1.7 Fighting
 + Level 6.7 Axes
 - Level 0.8 Armour
 - Level 1.7 Dodging
 - Level 1.7 Spellcasting
 - Level 2.6 Charms


You had 3 spell levels left.
You knew the following spells:

 Your Spells              Type           Power        Failure   Level  Hunger
a - Infusion              Chrm           ##..         69%         1    #......
b - Song of Slaying       Chrm           ##......     83%         2    ###....
c - Shroud of Golubria    Chrm/Tloc      #.........   95%         2    ###....

Skill      XL: |  1  2  3  4  5 |
---------------+----------------+-----
Axes           | 2 3 4 5 6 |  6.7
Fighting       | |  1.7
Armour         | |  0.8
Dodging        | |  1.7
Spellcasting   | |  1.7
Charms         | |  2.6

Action                   |  1- 3 |  4- 6 || total
-------------------------+-------+-------++-------
Melee: Hand axe          |   113 |       ||   113
       War axe           |     7 |    88 ||    95
 Cast: Infusion          |     6 |     1 ||     7
       Shroud of Golubri |     1 |     1 ||     2
       Song of Slaying   |       |     1 ||     1
Evoke: Wand              |       |     4 ||     4
  Use: Potion            |     1 |       ||     1
 Stab: Sleeping          |     1 |       ||     1
  Eat: Chunk             |     4 |     4 ||     8
Armor: Chain mail        |    42 |    65 ||   107
       Leather armour    |    13 |    10 ||    23
Dodge: Dodged            |    83 |    58 ||   141

Inventory:

Hand Weapons
 a - a +0 war axe (weapon)
   (You found it on level 2 of the Dungeon)
 r - a +0 hand axe
Armour
 b - a +0 leather armour
 e - a +0 chain mail (worn)
   (You found it on level 1 of the Dungeon)
Wands
 o - a wand of flame (5)
   (You found it on level 3 of the Dungeon)
Scrolls
 f - 4 scrolls of remove curse {unknown}
 h - a scroll of amnesia {unknown}
 i - a scroll of enchant weapon {unknown}
 l - a scroll of fear {unknown}
 m - 3 scrolls of identify {unknown}
 n - a scroll of enchant armour {unknown}
 p - a scroll of random uselessness {unknown}
Potions
 g - a potion of degeneration {unknown}
 q - a potion of heal wounds
 t - a potion of might
 u - a potion of haste {unknown}
 v - a potion of flight {unknown}
Books
 c - a book of Battle

   Spells                             Type                      Level
   a - Infusion                       Charms                       1
   b - Shroud of Golubria             Charms/Translocation         2
   c - Song of Slaying                Charms                       2
   d - Spectral Weapon                Hexes/Charms                 3
   e - Regeneration                   Charms/Necromancy            3
Comestibles
 d - 4 bread rations
 j - 2 royal jellies
 k - 2 meat rations
 w - 2 fruits

Dungeon Overview and Level Annotations

Branches:
Dungeon (4/15)
 Temple: D:4-7

Annotations:
D:2 1 exclusion


You were on level 4 of the Dungeon.
You were not hungry.

You visited 1 branch of the dungeon, and saw 4 of its levels.

You collected 67 gold pieces.


Message History

The orc wizard gestures at you while chanting.
The magic dart hits you! The orc wizard hits you with a dagger.
* * * LOW HITPOINT WARNING * * *
You take 2 damage, and have 24/48 hp.
You slash the orc wizard!
You kill the orc wizard!
Some of the chunks of flesh in your inventory have rotted away.
There is a stone staircase leading down here.
You start resting.
All of the chunks of flesh in your inventory have rotted away.
Health restored: 48 You climb downwards.
There is a stone staircase leading up here.
An orc wizard is nearby!
An orc wizard is nearby!
An orc wizard is nearby!
The adder hisses angrily.
The orc wizard casts a spell.
The orc wizard blinks!
Found 12 gold pieces.
The orc wizard barely misses you.
You hit the orc wizard. The orc wizard casts a spell at you.
You resist with some effort.
The orc wizard hits you but does no damage.
The adder barely misses you.
You closely miss the orc wizard. You hit the adder.
The adder bites you but does no damage.
The orc wizard hits you but does no damage.
You barely miss the adder.
You hit the orc wizard but do no damage.
The adder closely misses you.
The orc priest calls upon Beogh to heal the orc wizard.
The orc wizard's wounds heal themselves!
The orc wizard hits you but does no damage.
You closely miss the adder. You hit the orc.
Your chain mail prevents you from hitting the orc wizard.
The adder barely misses you. The orc hits you but does no damage.
The orc wizard hits you but does no damage.
The adder bites you but does no damage.
You miss the adder. You closely miss the orc.
You hit the orc wizard but do no damage.
The orc hits you but does no damage. The adder barely misses you.
The orc wizard casts a spell at you. The magic dart hits you!
The orc priest calls upon Beogh to heal the orc.
The orc's wounds heal themselves!
You hit the adder but do no damage. You slash the orc priest!
You barely miss the orc. You hit the orc wizard.
The adder completely misses you.
The orc wizard hits you but does no damage.
The adder bites you. The orc barely misses you.
The orc priest hits you but does no damage.
You take 1 damage, and have 47/48 hp.
You slash the orc priest!
You kill the orc priest!
You hit the orc but do no damage. You hit the orc wizard. You miss the adder.
The adder bites you but does no damage. The orc wizard hits you with a dagger.
The orc barely misses you.
The orc wizard hits you but does no damage.
The adder bites you but does no damage.
You take 1 damage, and have 46/48 hp.
Your chain mail prevents you from hitting the orc wizard.
You slash the adder!
You kill the adder!
You closely miss the orc. The orc barely misses you.
The orc wizard hits you but does no damage.
You hit the orc wizard but do no damage.
You slash the orc priest! You completely miss the orc.
The orc priest hits you but does no damage.
The orc barely misses you.
The orc wizard hits you but does no damage.
You closely miss the orc wizard. You completely miss the orc priest.
You hit the orc. The orc barely misses you.
The orc priest hits you but does no damage.
The orc wizard casts a spell.
The orc wizard seems to speed up.
The orc hits you but does no damage.
You hit the orc wizard but do no damage.
You slash the orc!
You kill the orc!
You closely miss the orc priest.
The orc wizard hits you but does no damage.
The orc priest calls down the wrath of Beogh upon you.
Beogh smites you! The orc wizard hits you with a dagger.
You take 16 damage, and have 30/48 hp.
MASSIVE DAMAGE!!
You are too injured to fight recklessly!
You are too injured to fight recklessly!
You are too injured to fight recklessly!
You are too injured to fight recklessly!
You slash the orc wizard!
Your chain mail prevents you from hitting the orc priest.
The orc wizard points at you and mumbles some strange words.
The magic dart hits you!
The orc priest calls down the wrath of Beogh upon you.
Pain shoots through your body!
* * * LOW HITPOINT WARNING * * *
The orc wizard barely misses you.
The orc priest invokes the aid of Beogh against you.
Beogh smites you!
You die...

.. .. #oS.......# #.
..#. #.........# #.$
.... #o........#
#...#.#.##.....!...#
##...#.#............#
##....#.###<.........#
#.....#.............>#
#....o[).######.#####
#....@o..# #.#
#.....##.# ##.#
#.....# . #..# #..<..#
.## #.## ##.....# ..#
#.# ##......# #.# #.#
#....#### #.# #.#
##....# #.# #.# ##...#
#.# #.#


You could see an orc priest and an orc wizard.

Notes
Turn   | Place    | Note
-------+----------+-------------------------------------------
     0 | D:1      | theanonym the Demigod Skald began the quest for the Orb.
     0 | D:1      | Reached XP level 1. HP: 17/17 MP: 5/5
    15 | D:1      | Reached skill level 2 in Axes
   317 | D:1      | Reached XP level 2. HP: 24/24 MP: 7/7
   779 | D:1      | Learned a level 2 spell: Song of Slaying
   828 | D:1      | Reached skill level 3 in Axes
   955 | D:2      | Found a shadowy altar of Dithmenos.
   976 | D:2      | HP: 12/24 [poisoned by an adder]
   978 | D:2      | Reached XP level 3. HP: 11/29 MP: 4/8
   981 | D:2      | HP: 8/29 [poisoned by an adder]
  1134 | D:2      | Found a shattered altar of Ashenzari.
  1277 | D:2      | Found a radiant altar of Vehumet.
  1304 | D:2      | HP: 14/29 [adder (5)]
  1310 | D:2      | HP: 9/29 [poisoned by an adder]
  1316 | D:2      | HP: 8/29 [poisoned by an adder]
  1324 | D:2      | HP: 7/29 [poisoned by an adder]
  1598 | D:2      | Found a burning altar of Makhleb.
  1649 | D:2      | Reached skill level 4 in Axes
  1653 | D:2      | Learned a level 2 spell: Shroud of Golubria
  1861 | D:2      | Noticed a moth of wrath
  1864 | D:2      | Found a bloodstained altar of Trog.
  2209 | D:3      | Reached XP level 4. HP: 29/36 MP: 3/9
  2214 | D:3      | HP: 16/36 [adder (4)]
  2219 | D:3      | HP: 12/36 [poisoned by an adder]
  2225 | D:3      | HP: 10/36 [poisoned by an adder]
  2230 | D:3      | HP: 8/36 [poisoned by an adder]
  2237 | D:3      | HP: 7/36 [poisoned by an adder]
  2245 | D:3      | HP: 6/36 [poisoned by an adder]
  2933 | D:3      | Found a sacrificial altar of Ru.
  3011 | D:3      | Reached skill level 5 in Axes
  3011 | D:3      | Reached XP level 5. HP: 41/41 MP: 10/10
  3072 | D:4      | Noticed Grinder
  3087 | D:4      | Killed Grinder
  3087 | D:4      | Reached skill level 6 in Axes
  3087 | D:4      | Reached XP level 6. HP: 35/48 MP: 11/11
  3191 | D:3      | HP: 24/48 [orc wizard/dagger (1)]
  3356 | D:4      | HP: 13/48 [orc priest/nerve-wracking pain (13)]
  3356 | D:4      | Killed from afar by an orc priest

Vanquished Creatures
  Grinder (D:4)
  An orc priest (D:4)
  An orc wizard (D:3)
  A worker ant (D:3)
  12 adders
  An adder skeleton (D:3)
  4 dart slugs
  4 orcs
  A ball python (D:2)
  7 bats
  3 giant cockroaches (D:1)
  4 goblins
  4 hobgoblins
  2 jackals (D:3)
  2 frilled lizards
  11 kobolds
  8 rats
67 creatures vanquished.
